 Dungeon Crawl Stone Soup version 0.19-a0-1882-gbb73ea0 (webtiles) character file.

2803 Television the Basher (level 9, -2/74 HPs)
             Began as a Mummy Skald on Oct 14, 2016.
             Slain by a killer bee (3 damage)
             ... on level 7 of the Dungeon.
             The game lasted 00:12:31 (6006 turns).

Television the Basher (Mummy Skald)                 Turns: 6006, Time: 00:12:31

Health: -2/74      AC: 11    Str: 19    XL:     9   Next: 44%
Magic:  12/12      EV:  9    Int: 11    God:
Gold:   301        SH:  0    Dex: 11    Spells: 1 memorised, 11 levels left

rFire  x . .     SeeInvis .     l - +1 whip (elec)
rCold  + . .     Gourm    .     d - +2 scale mail {MR+}
rNeg   + + +     Faith    .     (no shield)
rPois  ∞         Spirit   .     (no helmet)
rElec  .         Dismiss  .     (no cloak)
rCorr  .         Reflect  .     h - +2 pair of gloves
MR     ++...     Harm     .     (no boots)
Stlth  ..........               (no amulet)
                                (no ring)
                                (no ring)

@: no status effects
A: no food or potions, fire vulnerability, cold resistance 1, negative energy
resistance 3, torment resistance, unbreathing
a: no special abilities


You were on level 7 of the Dungeon.
You were not hungry.

You visited 1 branch of the dungeon, and saw 7 of its levels.

You collected 301 gold pieces.

Inventory:

Hand Weapons
 j - a +0 dagger of venom
 l - a +1 whip of electrocution (weapon)
Missiles
 b - 2 steel tomahawks (quivered)
Armour
 d - a +2 scale mail of magic resistance (worn)
 h - a +2 pair of gloves (worn)
Magical Staves
 o - an uncursed staff of power
Scrolls
 a - 2 scrolls of enchant weapon
 e - 3 scrolls of remove curse
 f - 2 scrolls of amnesia
 g - a scroll of fog
 i - a scroll of teleportation
 k - 3 scrolls of magic mapping
 m - a scroll of torment
 n - 2 scrolls of recharging
Books
 c - a book of Battle

   Spells                             Type                      Level
   a - Infusion                       Charms                       1
   b - Shroud of Golubria             Charms/Translocation         2
   c - Song of Slaying                Charms                       2
   d - Spectral Weapon                Hexes/Charms                 3
   e - Regeneration                   Charms/Necromancy            3
 p - a book of Frost

   Spells                             Type                      Level
   a - Freeze                         Ice                          1
   b - Throw Frost                    Conjuration/Ice              2
   c - Ozocubu's Armour               Charms/Ice                   3
   d - Throw Icicle                   Conjuration/Ice              4
   e - Summon Ice Beast               Ice/Summoning                4


   Skills:
 - Level 8.1 Fighting
 + Level 8.6 Maces & Flails
 + Level 2.3 Armour
 - Level 0.7 Dodging
 - Level 2.0 Spellcasting
 - Level 2.4 Charms


You had 11 spell levels left.
You knew the following spells:

 Your Spells              Type           Power        Failure   Level  Hunger
a - Infusion              Chrm           #...         38%         1    N/A

Dungeon Overview and Level Annotations

Branches:
Dungeon (7/15)             Temple (0/1) D:7

Altars:
Dithmenos
Fedhas
Ru
Sif Muna

Shops:
D:5 !   D:6 %

Annotations:
D:5 Prince Ribbit


Innate Abilities, Weirdness & Mutations

You do not eat or drink.
Your flesh is vulnerable to fire.
You are immune to poison.
Your flesh is cold resistant. (rC+)
You are immune to negative energy. (rN+++)
You are immune to unholy pain and torment.
You can survive without breathing.


Message History

You kill the killer bee!
The killer bee stings you.
* * * LOW HITPOINT WARNING * * *
You barely miss the killer bee. The killer bee barely misses you.
You whack the killer bee!
The killer bee is heavily wounded.
The killer bee stings you but does no damage.
You barely miss the killer bee.
The killer bee is heavily wounded.
The killer bee closely misses you. The killer bee stings you.
* * * LOW HITPOINT WARNING * * *
You hit the killer bee.
The killer bee is severely wounded.
The killer bee barely misses you.
You closely miss the killer bee.
The killer bee is severely wounded.
The killer bee stings you.
* * * LOW HITPOINT WARNING * * *
The killer bee stings you.
You die...

*,* *,* *,* ##****,****** #,*
#..,,,*,,,,,* #.*
#.****,****,* #.####.###*,*
*,* #........,,,****,********
##....#.#****,,,,,,,,,,,,
**###.#.#...####,,,*,**,****,
*,..........@yK#,,,*,**,****,
*,*##.#.#.####K......,,,,,,,,
*,* *#...## *,.......,,,,,,,,
*,* ##.## #........*******,
*,* #.# #.##...##* *, *,* #.#
#.#*...# *, *,* #.# #.#**.##
*, *,* #.# #># *.#*********,
*,* #.# #.# *,,,,,,,,,,,,


You could see a killer bee and 2 kobolds.

Vanquished Creatures
  Pikel (D:4)
  Eustachio (D:5)
  Menkaure (D:4)
  An ice beast (D:6)
  4 ogres
  2 slaves (D:4)
  A phantom (D:4)
  A big kobold (D:7)
  2 bullfrogs
  5 killer bees (D:7)
  2 scorpions
  3 wights
  A jelly (D:7)
  7 orc wizards
  Crazy Yiuf (D:3)
  An orc priest (D:4)
  A centaur skeleton (D:6)
  2 hounds
  3 iguanas
  8 worker ants
  A killer bee zombie (D:7)
  A hound zombie (D:5)
  A howler monkey skeleton (D:6)
  A worker ant zombie (D:6)
  11 gnolls
  4 adders
  A shadow imp (D:7)
  An ooze (D:4)
  An adder zombie (D:6)
  2 worms (D:2)
  2 dart slugs
  6 leopard geckos
  16 orcs
  2 ball pythons
  5 bats
  2 giant cockroaches
  8 goblins
  4 hobgoblins
  6 jackals
  3 quokkas
  9 frilled lizards
  10 kobolds
  5 rats
150 creatures vanquished.

Vanquished Creatures (others)
  A howler monkey skeleton (D:4)
1 creature vanquished.

Grand Total: 151 creatures vanquished

Notes
Turn   | Place    | Note
-------+----------+-------------------------------------------
     0 | D:1      | Television the Mummy Skald began the quest for the Orb.
     0 | D:1      | Reached XP level 1. HP: 16/16 MP: 3/3
   166 | D:1      | Reached XP level 2. HP: 18/22 MP: 5/5
   775 | D:2      | Reached XP level 3. HP: 27/27 MP: 6/6
  1193 | D:2      | Found a sacrificial altar of Ru.
  1236 | D:2      | Found a shadowy altar of Dithmenos.
  1471 | D:2      | Reached XP level 4. HP: 31/33 MP: 7/7
  1676 | D:3      | HP: 1/33 [adder (3)]
  1688 | D:3      | HP: 1/33 [adder (2)]
  2197 | D:3      | Reached XP level 5. HP: 27/38 MP: 8/8
  2357 | D:3      | Found a blossoming altar of Fedhas.
  2410 | D:3      | Found a runed door.
  2414 | D:3      | Noticed Crazy Yiuf
  2421 | D:3      | Killed Crazy Yiuf
  2509 | D:3      | Reached skill level 5 in Maces & Flails
  2643 | D:4      | Noticed Menkaure
  2651 | D:4      | Killed Menkaure
  2651 | D:4      | Reached XP level 6. HP: 8/46 MP: 9/9
  3201 | D:4      | Noticed a slave
  3201 | D:4      | Noticed a slave
  3234 | D:4      | Killed a slave
  3253 | D:4      | Killed a slave
  3354 | D:4      | Noticed a slave
  3354 | D:4      | Noticed Pikel
  3367 | D:4      | Noticed a slave
  3401 | D:4      | Killed Pikel
  3401 | D:4      | Reached skill level 5 in Fighting
  3401 | D:4      | Reached XP level 7. HP: 51/56 MP: 10/10
  3489 | D:4      | Reached XP level 8. HP: 43/63 MP: 11/11
  4314 | D:5      | Entered Level 5 of the Dungeon
  4561 | D:5      | Noticed Eustachio
  4649 | D:5      | Killed Eustachio
  4789 | D:5      | Noticed Prince Ribbit
  4852 | D:5      | Found a deep blue altar of Sif Muna.
  4949 | D:5      | Got an iridescent whip
  4951 | D:5      | Identified the cursed +2 whip of Midsummer {pain, -Tele rPois Str+4} (You found it on level 5 of the Dungeon)
  4996 | D:5      | Found Uwo Qai's Distillery.
  5259 | D:6      | Reached XP level 9. HP: 63/72 MP: 12/12
  5529 | D:6      | Found Gizeuf's Food Shop.
  5742 | D:7      | Reached skill level 1 in Armour
  6001 | D:7      | HP: 2/74 [killer bee (3)]
  6006 | D:7      | HP: 1/74 [killer bee (1)]
  6006 | D:7      | Slain by a killer bee

Vault maps used:
D:1:      dpeg_arrival_renting
D:2:      nicolae_dithmenos_through_a_glass_darkly, nicolae_ru_path_of_blood
D:3:      nicolae_overflow_crystal_walls, first_bread,
          kennysheep_generic_room_8, uniq_crazy_yiuf_cottage
D:4:      uniq_pikel, uniq_menkaure
D:5:      marbit_many_paths, serial_shops, nicolae_shop_crystal,
          uniq_prince_ribbit1, uniq_eustachio
D:6:      serial_shops, shop
D:7:      grunt_ogre_cave, eino_small_chamber_without_monster

Skill      XL: |  1  2  3  4  5  6  7  8  9 |
---------------+----------------------------+-----
Maces & Flails | 2 3 4 5 6 7 8 |  8.6
Fighting       | 5 7 8 |  8.1
Armour         | 2 |  2.3
Dodging        | |  0.7
Spellcasting   | |  2.0
Charms         | |  2.4

Action                   |  1- 3 |  4- 6 |  7- 9 || total
-------------------------+-------+-------+-------++-------
Melee: Mace              |   150 |    25 |       ||   175
       Flail             |       |   145 |       ||   145
       Dagger            |       |    39 |       ||    39
       Whip              |       |       |   391 ||   391
  Use: Scroll            |       |       |     8 ||     8
Armor: Scale mail        |    96 |   123 |   192 ||   411
       Leather armour    |     3 |       |       ||     3
Dodge: Dodged            |    72 |    97 |   147 ||   316
